 Dungeon Crawl Stone Soup version 0.18.1-8-gdd0e5ea (webtiles) character file.

175 GordonOverkill the Slasher (level 5, 0/41 HPs)
             Began as a Formicid Abyssal Knight on June 3, 2016.
             Was a Believer of Lugonu.
             Slain by an orc warrior
             ... wielding a +0 short sword
              (15 damage)
             ... on level 3 of the Dungeon.
             The game lasted 00:10:51 (4167 turns).

GordonOverkill the Slasher (FoAK)                   Turns: 4167, Time: 00:10:52

Health: 0/41       AC: 12    Str: 22    XL:     5   Next: 85%
Magic:  15/15      EV:  7    Int: 12    God:    Lugonu [**....]
Gold:   104        SH:  0    Dex: 10    Spells: 0 memorised, 4 levels left

rFire  . . .     SeeInvis +     a - +1 falchion
rCold  . . .     Gourm    .     o - +0 plate armour
rNeg   . . .     Faith    .     (no shield)
rPois  .         Spirit   .     (helmet unavailable)
rElec  .         Dismiss  .     e - +0 cloak
rCorr  .         Reflect  .     (no gloves)
SustAt .         Harm     .     (no boots)
MR     .....                    (no amulet)
Stlth  ..........               l - ring of magical power
                                d - +1 ring of evasion

@: mighty, not resistant to hostile enchantments, extremely unstealthy
A: permanent stasis, dig shafts and tunnels, four strong arms, antennae 3
a: Dig, Shaft Self, Depart the Abyss, Bend Space, Renounce Religion


You were on level 3 of the Dungeon.
You worshipped Lugonu.
Lugonu was pleased with you.
You were hungry.

You visited 1 branch of the dungeon, and saw 4 of its levels.
You visited the Abyss 1 time.

You collected 104 gold pieces.

Inventory:

Hand Weapons
 a - a +1 falchion (weapon)
Armour
 e - a +0 cloak (worn)
 o - a +0 plate armour (worn)
Jewellery
 d - a +1 ring of evasion (left hand)
 l - a ring of magical power (right hand)
Scrolls
 f - a scroll of teleportation {unknown}
 j - 3 scrolls of identify
 m - 2 scrolls of random uselessness {unknown}
 n - a scroll of fear {unknown}
Potions
 h - a potion of lignification {unknown}
 k - a potion of might
Comestibles
 b - a beef jerky
 c - 4 bread rations
 i - a meat ration
 p - 4 fruits


   Skills:
 - Level 3.2 Fighting
 + Level 5.6 Long Blades
 - Level 2.1 Armour
 - Level 0.8 Dodging
 - Level 2.1 Invocations


You had 4 spell levels left.
You didn't know any spells.

Dungeon Overview and Level Annotations

Branches:
Dungeon (4/15)
 Temple: D:4-7

Altars:
Ashenzari
Kikubaaqudgha
Makhleb
Okawaru
Trog
The Shining One


Innate Abilities, Weirdness & Mutations

You are under a permanent stasis effect.
You can dig through walls and to a lower floor.
Your four strong arms can wield two-handed weapons with a shield.
You have a pair of large antennae on your head (SInv).


Message History

You feel very mighty all of a sudden.
You hit the orc warrior but do no damage.
The orc warrior is lightly wounded.
The orc warrior hits you but does no damage.
You completely miss the orc warrior.
The orc warrior is lightly wounded.
The orc warrior hits you but does no damage.
You hit the orc warrior.
The orc warrior is moderately wounded.
The orc warrior hits you with a short sword.
You hit the orc warrior.
The orc warrior is moderately wounded.
The orc warrior hits you with a short sword.
You barely miss the orc warrior.
The orc warrior is moderately wounded.
The orc warrior hits you with a short sword!
You slash the orc warrior!
The orc warrior is severely wounded.
The orc warrior hits you with a short sword!
You die...

#.........###...##...########
#.....<#### ##.###.#.........
#..g...# #..##....#######
##############.#.#.##.# #
###8####....##.###.##(#
#8...8#####.##.# #.##.#
##.....## #.##.###.##.#
#_....._# #.##.##.....#
##.....## #.@o.....####
#8...8# #....#...######
##..)..## #.###.........#####
#8....(8# #.# #....####.....#
##.....## #.# #.#.## #####.#
#.8...8# #.# #.#.## #.#
##.#>#.#####.###....##### #..
#.###.##....o..........# ###
##.......#######...###.######


You could see an orc warrior.

Vanquished Creatures
  A hound (D:3)
  A worker ant (D:3)
  4 adders
  4 worms
  3 dart slugs
  2 giant geckos
  3 orcs (D:3)
  A ball python (D:1)
  8 bats
  A giant cockroach (D:2)
  9 goblins
  9 hobgoblins
  2 jackals (D:3)
  6 kobolds
  3 giant newts
  6 rats
63 creatures vanquished.

Notes
Turn   | Place    | Note
--------------------------------------------------------------
     0 | Abyss:1  | GordonOverkill the Formicid Abyssal Knight began the quest for the Orb.
     0 | Abyss:1  | Reached XP level 1. HP: 18/18 MP: 2/2
    56 | Abyss:1  | Noticed a ynoxinul
    66 | Abyss:1  | Noticed a large abomination
    78 | Abyss:1  | Noticed a hell hound
    80 | D:1      | Escaped the Abyss
   118 | D:1      | Found a glowing golden altar of the Shining One.
   413 | D:1      | Reached * piety under Lugonu
   413 | D:1      | Reached XP level 2. HP: 24/24 MP: 3/3
   568 | D:1      | Reached skill level 3 in Long Blades
   731 | D:1      | Reached XP level 3. HP: 27/29 MP: 4/4
  1443 | D:2      | Reached skill level 4 in Long Blades
  1443 | D:2      | Reached XP level 4. HP: 35/35 MP: 5/5
  2097 | D:2      | Found a bloodstained altar of Trog.
  2265 | D:2      | Reached ** piety under Lugonu
  2498 | D:3      | Found an ancient bone altar of Kikubaaqudgha.
  2940 | D:3      | Reached XP level 5. HP: 36/41 MP: 6/6
  2968 | D:3      | Found a burning altar of Makhleb.
  2979 | D:3      | Reached skill level 5 in Long Blades
  3924 | D:3      | Found a shattered altar of Ashenzari.
  3924 | D:3      | Found an iron altar of Okawaru.
  3958 | D:4      | Noticed an orc warrior
  4167 | D:3      | Slain by an orc warrior

Skill      XL: |  1  2  3  4  5 |
---------------+----------------+-----
Long Blades    | 3 4 5 |  5.6
Fighting       | |  3.2
Armour         | |  2.1
Dodging        | |  0.8
Invocations    | |  2.1

Action                   |  1- 3 |  4- 6 || total
-------------------------+-------+-------++-------
Melee: Falchion          |    75 |   248 ||   323
Invok: Depart the Abyss  |     1 |       ||     1
 Abil: Dig               |     1 |     8 ||     9
  Use: Scroll            |       |     2 ||     2
       Potion            |       |     1 ||     1
  Eat: Chunk             |     2 |     9 ||    11
Armor: Leather armour    |    17 |       ||    17
       Plate armour      |       |   105 ||   105
       Scale mail        |       |    41 ||    41
Dodge: Dodged            |    46 |   116 ||   162
